[Event "GER-ch Youth-U14 2022"]
[Site "Willingen"]
[Date "2022.06.05"]
[Round "2.13"]
[White "Campora, Daniel H."]
[Black "Kempe, Caius Emilian"]
[Result "1-0"]
[ECO "A50"]
[WhiteElo "2397"]
[BlackElo "1973"]
[Annotator "TA"]
[PlyCount "82"]
[EventDate "2022.06.05"]
[EventType "swiss"]
[EventRounds "9"]
[EventCountry "GER"]
[SourceTitle "playchess.com"]
[Source "ChessBase"]
[SourceQuality "1"]
[TimeControl "40/4500+30:900+30"]

1. d4 Nf6 2. c4 g6 3. f3 Bg7 4. e4 d6 5. Ne2 O-O 6. Be3 c5 {[%emt 0:00:00] E60: King's Indian: Unusual lines and Fianchetto Variation without Nc3.} 7. d5 e6 8. Nec3 exd5 {[%emt 0:00:00] The position is equal.} 9. cxd5 a6 10. a4 {[%emt 0:00:00] Inhibits b5.} Ne8 11. Be2 f5 12. O-O f4 13. Bf2 Nd7 14. Na3 Ne5 {[%emt 0:00:00] [#]} 15. Nc4 $146 ({Predecessor:} 15. Rb1 g5 16. Nc4 Nxc4 17. Bxc4 Be5 18. Qd3 a5 19. Rfe1 h5 20. Kf1 Nf6 21. Ke2 {0-1 (41) Vardanyan,A (2178)-Svane,F (2421) Chess.com INT 2020}) 15... Qg5 {[%emt 0:06:38] ...Nxc4 is the strong threat.} 16. Kh1 Nxc4 17. Bxc4 Nf6 18. Re1 {[%emt 0:11:51][%cal Oe4e5] White wants to play e5!} Nd7 19. a5 Ne5 20. Bf1 (20. Be2 $5 ) 20... Qe7 (20... Qh5 $11) 21. Na4 $14 g5 22. Nb6 Rb8 23. Rc1 (23. Rb1 $14) 23... Kh8 (23... g4 $11 {keeps the balance.}) 24. b4 $16 cxb4 25. Qb3 (25. Re2 $16) 25... g4 $11 26. Rc2 Bd7 27. Rec1 $36 {[%emt 0:05:03][%mdl 2048] White has some pressure.} gxf3 28. gxf3 Be8 (28... Bb5 $14) 29. Rc7 (29. Nc8 $1 $16 Qf6 30. Bd4 (30. Qxb4 Nxf3 31. Nxd6 Bg6 $14)) 29... Qf6 (29... Qg5 $11) 30. Bg2 ({White should try} 30. Bd4 $16) 30... Rg8 $14 31. Bd4 (31. Qxb4 Nd3 32. Qd2 Nxc1 33. Qxc1 Rd8 34. Rxb7 Bb5 $17) 31... Qh4 ({Better is} 31... Qh6 $1 $14) 32. Qxb4 $18 Nd3 $2 {[%emt 0:02:06] [#]} (32... Rd8 33. Rxb7 Bh5) 33. Rxg7 $1 Rxg7 34. Qxd6 Nf2+ 35. Kg1 $2 (35. Bxf2 {Threatening mate with Qf8+.} Qxf2 36. Rg1 (36. Qf8+ Rg8 $11)) 35... Nh3+ 36. Kf1 ({Weaker is} 36. Kh1 Nf2+ 37. Bxf2 Qxf2 $18) 36... Bb5+ 37. Nc4 {[%emt 0:00:13][%mdl 1024] White has strong compensation. Really sharp!} Rbg8 38. Qe6 $2 {[%emt 0:03:12] Active counter play!} (38. Ke2 $18) 38... Ng5 39. Qf5 $16 {[%emt 0:00:24] And now Ke2 would win.} ({Of course not} 39. Bxg7+ $6 Rxg7 40. Qc8+ Rg8 $11) 39... h6 {[%emt 0:00:52][%cal Oh4h2] [#]} 40. d6 ({But not} 40. Bxg7+ $6 Rxg7 41. Qf8+ Kh7 42. Qf5+ Rg6 $11) (40. h3 $1 $16) 40... Qxh2 $11 {[%cal Og5e4] aiming for ...Nxe4!} 41. d7 $2 {[%mdl 8192] [#]} (41. Bxg7+ $11 {and White stays safe.} Rxg7 42. Qf8+ Kh7 43. Qf5+ Kh8 44. Qf8+ Kh7 45. Qf5+ Kh8) 41... Qh4 $4 {[%mdl 8192] Weighted Error Value: White=0.57/Black=0.33} 1-0

[Event "GER-ch Youth-U14 2022"]
[Site "Willingen"]
[Date "2022.06.05"]
[Round "2.14"]
[White "Mainka, Ingmar"]
[Black "Sauer, Tim"]
[Result "0-1"]
[ECO "B35"]
[WhiteElo "1427"]
[BlackElo "1769"]
[Annotator "NA RC COMBH"]
[PlyCount "117"]
[EventDate "2022.06.05"]
[EventType "swiss"]
[EventRounds "9"]
[EventCountry "GER"]
[SourceTitle "playchess.com"]
[Source "ChessBase"]
[SourceQuality "1"]
[TimeControl "40/4500+30:900+30"]

1. e4 c5 2. Nf3 g6 3. d4 cxd4 4. Nxd4 Bg7 5. Nc3 Nc6 6. Be3 Nf6 7. Bc4 Qa5 8. O-O O-O 9. Bb3 d6 10. f3 Bd7 11. Qd2 Rac8 12. Rad1 Nxd4 13. Bxd4 Rfe8 14. Nd5 Qxd2 15. Rxd2 Nxd5 16. exd5 a6 17. Bxg7 Kxg7 18. Rd4 Rc5 19. Re1 Kf6 20. c3 b6 21. h4 a5 22. g4 h6 23. Rf4+ Kg7 24. g5 hxg5 25. hxg5 b5 26. a3 Bf5 27. Kg2 f6 28. gxf6+ Kxf6 29. c4 Rb8 30. Re2 Rb7 31. Kg3 Kg7 32. Re3 Kf6 33. Bc2 Rxc4 34. Bxf5 gxf5 35. Rb3 Rc2 36. Re3 Rxb2 37. Re6+ Kg5 38. Rd4 Rb3 39. Rd1 f4+ 40. Kg2 Rxa3 41. Rg1 Kf5 42. Rh6 Ke5 43. Rd1 Re3 44. Rh5+ Kf6 45. Rh4 Kf7 46. Rxf4+ Ke8 47. Rh1 Re5 48. Rh8+ Kd7 49. Rd4 b4 50. f4 Rf5 51. Rh7 b3 52. Re4 Ke8 53. Rh8+ Kf7 54. Rh7+ Kf8 55. Rc4 Kg8 56. Rh3 b2 57. Rc8+ Rf8 58. Rg3+ Kf7 59. Re3 0-1

[Event "GER-ch Youth-U14 2022"]
[Site "Willingen"]
[Date "2022.06.05"]
[Round "2.15"]
[White "Eichhorn, Valentin"]
[Black "Sommer, Justus"]
[Result "0-1"]
[ECO "D00"]
[WhiteElo "1565"]
[BlackElo "1868"]
[Annotator "NA RC COMBH"]
[PlyCount "94"]
[EventDate "2022.06.05"]
[EventType "swiss"]
[EventRounds "9"]
[EventCountry "GER"]
[SourceTitle "playchess.com"]
[Source "ChessBase"]
[SourceQuality "1"]
[TimeControl "40/4500+30:900+30"]

1. d4 d5 2. Bg5 c5 3. c3 Qb6 4. Qb3 c4 5. Qxb6 axb6 6. e4 e6 7. e5 $15 (7. g3 $11 {might be stronger.}) 7... Nc6 8. Nf3 b5 9. Be2 b4 10. O-O Nge7 11. a3 h6 12. Be3 Ng6 13. cxb4 Nxb4 14. Nc3 Nc6 15. Bd1 Na5 16. Bc2 Be7 17. Nd2 Bd7 18. Rfb1 O-O 19. Ba4 Bxa4 20. Nxa4 f6 21. f4 fxe5 22. fxe5 Nf4 23. Rf1 Nd3 24. Rab1 Rxf1+ 25. Kxf1 b5 26. Nc3 b4 27. axb4 Bxb4 28. Nb5 Rb8 29. Nc3 Rb7 30. Na2 Be7 31. Ke2 Rxb2 32. Rxb2 Nxb2 33. Nb1 Na4 34. Nac3 Nxc3+ 35. Nxc3 Nb3 36. Bd2 Nxd2 37. Kxd2 Bb4 38. Kc2 Bxc3 39. Kxc3 Kf7 40. Kd2 Kg6 41. Ke2 Kf5 42. Kf3 h5 43. h3 h4 44. Ke3 c3 45. Kd3 c2 46. Kxc2 Ke4 47. Kc3 Ke3 0-1

[Event "GER-ch Youth-U14 2022"]
[Site "Willingen"]
[Date "2022.06.05"]
[Round "2.17"]
[White "Vihan, Shourya"]
[Black "Winkler, Yonathan"]
[Result "0-1"]
[ECO "D10"]
[WhiteElo "1385"]
[BlackElo "1699"]
[Annotator "NA RC COMBH"]
[PlyCount "156"]
[EventDate "2022.06.05"]
[EventType "swiss"]
[EventRounds "9"]
[EventCountry "GER"]
[SourceTitle "playchess.com"]
[Source "ChessBase"]
[SourceQuality "1"]
[TimeControl "40/4500+30:900+30"]

1. d4 d5 2. c4 c6 3. Nc3 Nf6 4. cxd5 cxd5 5. Bf4 e6 6. e3 Be7 7. Bd3 Nc6 8. Rc1 O-O 9. h3 a6 10. Nf3 Re8 11. O-O Bd6 12. Ne5 Bxe5 13. Bxe5 Nxe5 14. dxe5 Nd7 15. f4 Qb6 16. Qe2 Nc5 17. Bb1 Bd7 18. Qc2 g6 19. h4 Rac8 20. Qf2 Bb5 21. Rfd1 Red8 22. h5 Na4 23. Kh2 Nxc3 24. bxc3 Rc7 25. Qh4 Rdc8 26. Qf6 Qc5 27. hxg6 hxg6 28. e4 dxe4 29. Bxe4 Qe7 30. Qxe7 Rxe7 31. Rd4 Rec7 32. c4 Bc6 33. Bd3 Kf8 34. Kg3 Ke7 35. Rh1 Rd7 36. Rxd7+ Bxd7 37. Kf2 Rc5 38. Rb1 Bc6 39. g3 Ra5 40. Rb2 Ra3 41. Ke2 Kd7 42. g4 Kc7 43. Ke3 Bf3 44. Kxf3 Rxd3+ 45. Ke4 Rg3 46. g5 Rh3 47. Kd4 Kc6 48. Ke4 Rh1 49. Rd2 Re1+ 50. Kd4 b6 51. Rh2 Rd1+ 52. Ke4 Kc5 53. Rc2 Rd4+ 54. Ke3 Rxc4 55. Rd2 Kc6 56. Rd8 Kb7 57. Rd7+ Rc7 58. Rd6 b5 59. f5 exf5 60. e6 Re7 61. Kf4 Rxe6 62. Rd7+ Kc8 63. Rxf7 Re4+ 64. Kf3 Rg4 65. Rf8+ Kd7 66. Rf7+ Ke8 67. Rf6 Rxg5 68. Rxa6 b4 69. Kf4 Rg1 70. Ke5 Kd7 71. Rb6 Rg4 72. Kd5 Kc7 73. Ra6 Kb7 74. Rf6 Kc7 75. Rc6+ Kd7 76. Ra6 Ke7 77. Ke5 Re4+ 78. Kd5 Kf7 0-1

[Event "GER-ch Youth-U14 2022"]
[Site "Willingen"]
[Date "2022.06.05"]
[Round "2.19"]
[White "Weber, Nikita"]
[Black "Mueller, Maximilian"]
[Result "0-1"]
[ECO "A10"]
[WhiteElo "1264"]
[BlackElo "2299"]
[Annotator "TA"]
[PlyCount "108"]
[EventDate "2022.06.05"]
[EventType "swiss"]
[EventRounds "9"]
[EventCountry "GER"]
[SourceTitle "playchess.com"]
[Source "ChessBase"]
[SourceQuality "1"]
[TimeControl "40/4500+30:900+30"]

1. c4 g6 2. Nc3 Bg7 3. g3 d6 4. Bg2 e5 5. e4 Nc6 6. Nge2 h5 7. h4 Nh6 {[%emt 0:00:00] A25: English Opening vs King's Indian with ...Nc6 but without early d3.} 8. d3 O-O 9. O-O Kh7 {[%emt 0:00:00] White is slightly better.} 10. Nd5 Bg4 11. f3 {[%emt 0:00:00] aiming for Bxh6.} Be6 12. Bg5 f6 13. Be3 Qd7 14. Qd2 Nd8 {[%emt 0:10:11] [#]} 15. Qa5 $146 ({Predecessor:} 15. b3 c6 16. Ndc3 c5 17. Nd5 Nc6 18. Rab1 Rab8 19. a3 Nd4 20. b4 b6 21. bxc5 Bxd5 22. Bxd4 {½-½ (56) Titan,M (2146)-Srebrnic,A (2197) Ljubljana 2013}) 15... b6 16. Qe1 c6 17. Ndc3 Ndf7 18. b4 ({White should play} 18. Rd1 $11) 18... Rab8 19. Qf2 (19. b5 $11) 19... f5 $15 20. Rab1 Nh8 ({Black should try} 20... fxe4 $17 21. Bxh6 Kxh6 22. Nxe4 d5 23. cxd5 cxd5 24. Qe3+ Kh7 25. Ng5+ Nxg5 26. hxg5 d4) 21. Bh3 {[%emt 0:02:07] [#]} ({White has to play} 21. b5 $11) 21... f4 (21... Ng4 $1 $15 {stays ahead.} 22. Bxg4 (22. fxg4 fxg4 23. Qe1 gxh3 $17) 22... fxg4) 22. Bxe6 $16 Qxe6 23. gxf4 exf4 24. Bxf4 Qd7 (24... Bxc3 $16 25. Bxh6 Kxh6) 25. Qg3 $18 Rf6 26. d4 Rbf8 {[%emt 0:01:47][%cal Of6f4] ...Rxf4! is the strong threat.} 27. Rbd1 a5 28. bxa5 bxa5 29. Qh2 Qe6 30. d5 Qe7 (30... Qc8 {was necessary.} 31. Bxd6 Rxf3) 31. dxc6 Rxf4 32. Nxf4 Bxc3 33. Rd3 $4 (33. Nd5 $18 Qa7+ 34. Qf2) 33... Be5 $19 34. Qf2 (34. Qh3 $142 Bxf4 35. Rb3 Qa7+ 36. Kg2) 34... Rxf4 35. Rb1 N8f7 ({Less strong is} 35... Rxh4 36. Rb7 Qxb7 37. cxb7 $18) 36. Rb7 Qe6 37. c7 Qc8 38. Ra7 d5 39. Rxd5 {[%emt 0:05:01] Hoping for Rd8.} Ng4 40. Qg2 {[%emt 0:05:22] [#]} (40. Rd8 Qxc7 41. Rxc7 Bxc7 42. Qa7 Bxd8 43. fxg4) 40... Bxc7 $1 {[%emt 0:00:32] ( -> ...Bb6+)} 41. Qb2 {[%emt 0:19:04] Against Bb6+} (41. c5 Nge5) 41... Rxf3 42. Qb7 Rg3+ 43. Kf1 Nh2+ 44. Ke1 {[%emt 0:00:22] [#]} Re3+ (44... Qh3 $142 $1 45. Qb3 Qf1+ 46. Kd2 Bf4+ 47. Qe3 Qf2+ 48. Kc3 Rxe3+ 49. Rd3 Rxd3+ 50. Kxd3 Qd2#) 45. Kd2 Nf1+ 46. Kc1 Re1+ 47. Kb2 Qh8+ 48. e5 Rxe5 {[%emt 0:00:00] Black mates.} 49. Rxe5 Qxe5+ 50. Kc2 Qe2+ 51. Kb3 Nd2+ 52. Kc2 Nxc4+ 53. Kb1 Na3+ 54. Ka1 Be5+ {[%emt 0:00:00] Quite a comeback for Black.  Weighted Error Value: White=0.82/Black=0.47} 0-1

[Event "GER-ch Youth-U14 2022"]
[Site "Willingen"]
[Date "2022.06.05"]
[Round "2.20"]
[White "Torosyan, Bagrat"]
[Black "Goepfert, Gregor"]
[Result "1-0"]
[ECO "C54"]
[WhiteElo "1683"]
[BlackElo "1446"]
[Annotator "NA RC COMBH"]
[PlyCount "43"]
[EventDate "2022.06.05"]
[EventType "swiss"]
[EventRounds "9"]
[EventCountry "GER"]
[SourceTitle "playchess.com"]
[Source "ChessBase"]
[SourceQuality "1"]
[TimeControl "40/4500+30:900+30"]

1. e4 e5 2. Nf3 Nc6 3. Bc4 Bc5 4. c3 Nf6 5. d3 d6 6. O-O a6 7. Bb3 Ba7 8. Nbd2 O-O 9. h3 Be6 10. Bc2 Re8 11. Re1 h6 12. Nf1 Qd7 13. Ng3 Rad8 14. Nh4 Qc8 15. Qf3 Nh7 16. Nhf5 Ne7 17. Qg4 Ng6 18. Nh5 Nf6 19. Nxf6+ gxf6 20. Bxh6 Kh7 21. Qh5 Kg8 22. Qg4 1-0

[Event "GER-ch Youth-U14 2022"]
[Site "Willingen"]
[Date "2022.06.05"]
[Round "2.21"]
[White "Miller, Elias"]
[Black "Fruth, David"]
[Result "0-1"]
[ECO "E80"]
[WhiteElo "1548"]
[BlackElo "1648"]
[Annotator "NA RC COMBH"]
[PlyCount "74"]
[EventDate "2022.06.05"]
[EventType "swiss"]
[EventRounds "9"]
[EventCountry "GER"]
[SourceTitle "playchess.com"]
[Source "ChessBase"]
[SourceQuality "1"]
[TimeControl "40/4500+30:900+30"]

1. d4 Nf6 2. c4 g6 3. Nc3 Bg7 4. e4 d6 5. f3 Nbd7 6. Bg5 c6 7. Nh3 Nb6 8. Nf2 Nfd7 9. Qd2 c5 10. d5 Ne5 11. b3 h6 12. Be3 e6 13. O-O-O Qf6 14. Kc2 O-O 15. a4 exd5 16. exd5 Bf5+ 17. Bd3 Bxd3+ 18. Nxd3 Nexc4 19. bxc4 Nxc4 20. Ne4 Qe7 21. Qc1 f5 22. Nd2 Nxe3+ 23. Kb1 Nxd1 24. Rxd1 b5 25. axb5 Rfb8 26. Kc2 Rxb5 27. Nc4 Qf6 28. Qa3 Rab8 29. Kd2 Rb3 30. Qc1 Qg5+ 31. Ne3 f4 32. Ng4 Rb2+ 33. Nxb2 Rxb2+ 34. Ke1 Qe7+ 35. Ne3 fxe3 36. Qc4 e2 37. Rc1 Qe3 0-1

[Event "GER-ch Youth-U14 2022"]
[Site "Willingen"]
[Date "2022.06.05"]
[Round "2.22"]
[White "Schwan, Aaron"]
[Black "Detjen, Mattes"]
[Result "1-0"]
[ECO "C54"]
[WhiteElo "1671"]
[BlackElo "1098"]
[Annotator "NA RC COMBH"]
[PlyCount "67"]
[EventDate "2022.06.05"]
[EventType "swiss"]
[EventRounds "9"]
[EventCountry "GER"]
[SourceTitle "playchess.com"]
[Source "ChessBase"]
[SourceQuality "1"]
[TimeControl "40/4500+30:900+30"]

1. e4 e5 2. Nf3 Nc6 3. Bc4 Bc5 4. c3 Nf6 5. d3 O-O 6. Bb3 d6 7. Nbd2 Bg4 8. h3 Be6 9. Nf1 Qd7 10. Ng3 d5 11. Qe2 dxe4 12. dxe4 Na5 13. Bxe6 Qxe6 14. b4 Bxf2+ 15. Qxf2 Nc6 16. O-O Qc4 17. Qe3 Rad8 18. Bd2 Rd3 19. Qe2 b5 20. a4 a6 21. axb5 axb5 22. Ra6 Rfd8 23. Kh1 Nb8 24. Nxe5 Rxd2 25. Qxd2 Rxd2 26. Nxc4 bxc4 27. Ra8 Rd8 28. Ra7 Rc8 29. Rd1 h6 30. e5 Ne8 31. Ra8 Kf8 32. Ne4 Ke7 33. Nc5 f6 34. Na6 1-0

[Event "GER-ch Youth-U14 2022"]
[Site "Willingen"]
[Date "2022.06.05"]
[Round "2.23"]
[White "Grundmann, Max"]
[Black "Wunderlich, Elias"]
[Result "0-1"]
[ECO "D53"]
[WhiteElo "1358"]
[BlackElo "1619"]
[Annotator "NA RC COMBH"]
[PlyCount "106"]
[EventDate "2022.06.05"]
[EventType "swiss"]
[EventRounds "9"]
[EventCountry "GER"]
[SourceTitle "playchess.com"]
[Source "ChessBase"]
[SourceQuality "1"]
[TimeControl "40/4500+30:900+30"]

1. d4 d5 2. c4 e6 3. Nc3 Nf6 4. Bg5 Be7 5. e3 h6 6. Bh4 O-O 7. Bd3 Nbd7 8. Nge2 c5 9. Bxf6 Nxf6 10. cxd5 Nxd5 11. O-O Bd7 12. a3 Rc8 13. Rc1 Nxc3 14. Rxc3 b5 15. dxc5 Bxc5 16. b4 Bb6 17. Qc2 Qg5 18. Rd1 Rcd8 19. Be4 e5 20. Bc6 Bg4 21. Rxd8 Rxd8 22. Bxb5 Bf3 23. g3 Qg4 24. Kf1 Qh3+ 25. Ke1 Qxh2 26. Bd3 e4 27. Rc8 exd3 28. Rxd8+ Bxd8 29. Qxd3 Qh1+ 30. Kd2 Bf6 31. Qf5 Qh5 32. Qxh5 Bxh5 33. Nd4 Bxd4 34. exd4 Kf8 35. Kd3 Ke7 36. Kc4 Kd6 37. d5 Bf3 38. Kb5 Be2+ 39. Ka5 a6 40. a4 Kxd5 41. b5 axb5 42. axb5 h5 43. Ka6 Kc5 44. g4 h4 45. g5 h3 46. g6 f6 47. Ka5 Bxb5 48. f4 Bc6 49. Ka6 h2 50. f5 h1=Q 51. Ka7 Qb1 52. Ka6 Qb7+ 53. Ka5 Qb6# 0-1

[Event "GER-ch Youth-U14 2022"]
[Site "Willingen"]
[Date "2022.06.06"]
[Round "3.1"]
[White "Besou, Hussain"]
[Black "Deuer, Marius"]
[Result "1/2-1/2"]
[ECO "E11"]
[WhiteElo "2094"]
[BlackElo "2359"]
[Annotator "TA"]
[PlyCount "50"]
[EventDate "2022.06.05"]
[EventType "swiss"]
[EventRounds "9"]
[EventCountry "GER"]
[SourceTitle "playchess.com"]
[Source "ChessBase"]
[SourceQuality "1"]
[TimeControl "40/4500+30:900+30"]

1. d4 Nf6 2. c4 e6 3. Nf3 Bb4+ 4. Bd2 Be7 5. g3 O-O 6. Bg2 d5 7. O-O c6 8. Qc2 Nbd7 9. b3 b6 10. Bf4 Ba6 11. Nbd2 Nh5 {[%emt 0:00:00] E15: Queen's Indian: 4 g3 sidelines, 4 g3 Ba6 and 4 g3 Bb7 early deviations.} 12. Be3 {[%emt 0:02:09] [#]} Bd6 $146 ({Predecessor:} 12... Rc8 13. Rac1 h6 14. Rfe1 Bb4 15. Qb2 Qe7 16. Rc2 Rfd8 17. Rd1 c5 18. cxd5 exd5 19. a3 cxd4 20. Bxd4 Bxa3 21. Qa1 Rxc2 {0-1 (21) Gurevich,D (2363)-Zhigalko,S (2572) Chess.com INT 2022}) 13. Rfd1 Rc8 14. Rac1 f5 15. Bg5 Qe8 16. e3 h6 17. Bf4 Qe7 (17... Ba3 $11) 18. Bxd6 $16 Qxd6 19. Qb2 Nhf6 20. Ne5 Ne4 21. Nxd7 Qxd7 22. Nf3 c5 23. Ne5 Qd6 24. Qa3 (24. f3 $16 Nf6 25. Qa3) 24... cxd4 $14 25. Qxd6 (25. Qxa6 $5 Qxe5 26. exd4 $14) 25... Nxd6 {[%emt 0:00:02] Weighted Error Value: White=0.12 (very precise) /Black=0.20 (precise)} 1/2-1/2

[Event "GER-ch Youth-U14 2022"]
[Site "Willingen"]
[Date "2022.06.06"]
[Round "3.2"]
[White "Sreyas Payyappat"]
[Black "Möller, Maurin"]
[Result "1-0"]
[ECO "B81"]
[WhiteElo "2169"]
[BlackElo "1780"]
[Annotator "TA"]
[PlyCount "51"]
[EventDate "2022.06.05"]
[EventType "swiss"]
[EventRounds "9"]
[EventCountry "GER"]
[SourceTitle "playchess.com"]
[Source "ChessBase"]
[SourceQuality "1"]
[TimeControl "40/4500+30:900+30"]

1. e4 c5 2. Nf3 e6 3. d4 cxd4 4. Nxd4 Nf6 5. Nc3 d6 6. g4 h6 7. h4 Nc6 8. Rg1 d5 9. Bb5 Bd7 10. exd5 Nxd5 11. Nxd5 exd5 12. Be3 Qa5+ {[%emt 0:04:06] B81: Sicilian Scheveningen: Keres Attack.} 13. c3 O-O-O {[%emt 0:02:00] [#]} 14. Bxc6 $146 ({Predecessor:} 14. Qb3 Nxd4 15. Bxd7+ Rxd7 16. Bxd4 Bc5 17. O-O-O Re8 18. Qc2 Re4 19. Kb1 Bxd4 20. Rxd4 Rxd4 21. cxd4+ {0-1 (47) Ashton,A (2294)-Zagrebelny,S (2510) Barcelona 2005}) 14... Bxc6 {[%emt 0:01:48] The position is equal.} 15. Nb3 Qc7 16. Qd4 Qh2 17. O-O-O {[%emt 0:01:17] Strongly threatening Bf4.} b6 18. c4 Qxh4 19. cxd5 Bxd5 (19... Rxd5 $11 {remains equal.} 20. Qc4 Rxd1+ 21. Rxd1 Qf6) 20. Kb1 ({Stronger than} 20. Qe5 Qf6 $1 21. Qxf6 gxf6 $17) ({White must play} 20. Qc3+ $1 $16 Kb7 21. Na5+ $1 (21. Rxd5 $2 Rxd5 22. Kb1 Qf6 $19) 21... bxa5 22. Qxa5) 20... Be7 $2 {[%emt 0:09:25][%mdl 8192] Loses the game.} (20... Qe7 $11 21. Ka1 (21. Qd3 $2 Be4 $19) 21... Qb4) 21. Qe5 Bf6 $2 (21... Qf6 22. Rxd5 Qxe5 23. Rxe5 Bf6) 22. Qf5+ $18 Be6 23. Qe4 (23. Qc2+ $142 Bc3 24. Qxc3+ Kb7 {[#]} 25. Nc5+ $1 Ka8 26. Nxe6) 23... Bg5 24. Qa8+ {[%emt 0:00:55] White mates.} Kc7 25. Qxa7+ Kc8 26. Rc1+ {[%emt 0:00:07] Weighted Error Value: White=0.37/Black=1.25} 1-0

[Event "GER-ch Youth-U14 2022"]
[Site "Willingen"]
[Date "2022.06.06"]
[Round "3.3"]
[White "Udelnov, Valentin"]
[Black "Ermitsch, Magnus"]
[Result "1/2-1/2"]
[ECO "C42"]
[WhiteElo "1901"]
[BlackElo "2222"]
[Annotator "TA"]
[PlyCount "62"]
[EventDate "2022.06.05"]
[EventType "swiss"]
[EventRounds "9"]
[EventCountry "GER"]
[SourceTitle "playchess.com"]
[Source "ChessBase"]
[SourceQuality "1"]
[TimeControl "40/4500+30:900+30"]

1. e4 e5 2. Nf3 Nf6 3. Nxe5 d6 4. Nf3 Nxe4 5. Nc3 Nxc3 6. dxc3 Be7 7. Bd3 O-O 8. h3 {[%emt 0:00:00] C42: Petroff Defence: 3 Nxe5 and unusual White 3rd moves.} Nd7 9. Bf4 Nc5 10. O-O Re8 11. Re1 {[%emt 0:00:19] [#]} a5 $146 ({Predecessor:} 11... Bd7 12. Bf1 Ne6 13. Be3 Bf6 14. Nd4 Nxd4 15. cxd4 Bf5 16. Bd3 Qd7 17. c3 c6 {½-½ (42) Krzywnicka,M (1756)-Pawlicz,A (2032) Police 2019}) 12. Ng5 Nxd3 13. Qh5 Bxg5 14. Bxg5 {[%emt 0:00:09] Really sharp!} Rxe1+ 15. Rxe1 Qf8 16. cxd3 Be6 17. Qf3 h6 18. Bf4 b6 19. c4 Qd8 20. Rc1 Rb8 21. d4 Qf6 22. Qe3 Re8 23. Qd2 Bc8 24. c5 Re4 25. Be3 {[%emt 0:00:11] [#] Black must now prevent cxb6.} (25. cxb6 $5 Rxd4 {[#]} 26. Qe3 $1 (26. Rxc7 Rxd2 27. Rxc8+ Kh7 $15) 26... Qxf4 27. Qxf4 Rxf4 28. Rxc7 $14) 25... Qg6 {[%emt 0:02:47] aiming for ...Bxh3.} 26. Kh2 {[%emt 0:04:19] Threatens to win with cxb6.} Re8 27. cxb6 cxb6 28. d5 Bb7 29. Rc7 Ba8 30. Bxb6 Qe4 31. Qe3 (31. Bd4 $14) 31... Qxe3 {[%emt 0:03:05] Weighted Error Value: White=0.06 (flawless) /Black=0.05 (flawless)} 1/2-1/2

[Event "GER-ch Youth-U14 2022"]
[Site "Willingen"]
[Date "2022.06.06"]
[Round "3.4"]
[White "Hagner, Bennet"]
[Black "Campora, Daniel H."]
[Result "1-0"]
[ECO "B40"]
[WhiteElo "2186"]
[BlackElo "2397"]
[Annotator "TA"]
[PlyCount "53"]
[EventDate "2022.06.05"]
[EventType "swiss"]
[EventRounds "9"]
[EventCountry "GER"]
[SourceTitle "playchess.com"]
[Source "ChessBase"]
[SourceQuality "1"]
[TimeControl "40/4500+30:900+30"]

1. e4 c5 2. Nf3 e6 3. d4 cxd4 4. Nxd4 Nf6 5. Nc3 Nc6 6. Ndb5 Bb4 7. a3 Bxc3+ 8. Nxc3 d5 9. exd5 exd5 10. Bd3 O-O 11. O-O d4 12. Ne2 Bg4 13. h3 {[%emt 0:00:00] 13.Bg5 is setting a new trend. B45: Sicilian Four Knights.} Bh5 14. Bg5 {[%emt 0:01:58][%cal Bc1g5,Bg5h4,Bh4g3][%mdl 32] [#]} h6 $146 ({Predecessor:} 14... Qd6 15. Qd2 Bxe2 16. Bf4 Qd5 17. Bxe2 Ne4 {½-½ (17) Mamedov,N (2565)-Khenkin,I (2600) Bad Wiessee 2007}) 15. Bh4 {[%emt 0:08:01] The position is equal.} Bxe2 16. Bxe2 g5 (16... Re8 $11 {keeps the balance.}) 17. Bg3 $16 Qb6 {[%emt 0:03:11] [#]} (17... Qd5 $142) 18. Bd3 $1 {[%emt 0:09:33] And now f4 would win. This bishop pair is nice.} Rfe8 {[%emt 0:21:41] [#]} (18... Ne7 $16 19. f4 g4 20. hxg4 Ned5) 19. f4 $1 $18 {[%emt 0:01:33] Strongly threatening fxg5.} Re3 (19... Qc5 {was necessary.} 20. Be1 Re6 21. fxg5 Qxg5) 20. fxg5 Rxg3 21. Rxf6 Rxg5 22. h4 ({Resist} 22. Rxh6 Qa5 23. h4 Rg7 $18) 22... Rg7 23. Qe2 ({But not} 23. Rxh6 Qc5 24. Qe2 Qe5 $18) 23... Qxb2 $2 (23... Qc7 24. Re1 (24. Rxh6 Qg3 $18) 24... Rf8) 24. Raf1 {[%emt 0:02:25][%cal Ba1f1,Bf1f5,Bf5h5][%mdl 32] White is clearly winning.} Qxa3 25. Rxh6 {[%emt 0:01:57] Threatens to win with Qh5.} Qc5 26. Rf5 {[%emt 0:00:13] White threatens Qh5 and mate.} Qe7 27. Rfh5 {[%emt 0:00:48] Black got outplayed after the opening.  Weighted Error Value: White=0.05 (flawless) /Black=0.51} 1-0